 Dungeon Crawl Stone Soup version 0.29.1-15-g9cfb28693d (webtiles) character file.

Game seed: 8443335764385069957

31 Heoruswealwe the Magician (level 3, -14/18 (19) HPs)
             Began as a Deep Elf Earth Elementalist on Mar 20, 2023.
             Demolished by Crazy Yiuf
             ... wielding a +4 quarterstaff of chaos
              (18 damage)
             ... on level 2 of the Dungeon.
             The game lasted 00:09:21 (699 turns).

Heoruswealwe the Magician (DEEE)                     Turns: 699, Time: 00:09:21

HP:   -14/18 (19)   AC:  2    Str:  5    XL:     3   Next: 7%
MP:   7/10          EV: 12    Int: 21    God:
Gold: 40            SH:  0    Dex: 15    Spells: 4/10 levels left

rFire   . . .      SeeInvis .   (no weapon)
rCold   . . .      Faith    .   (no shield)
rNeg    . . .      Spirit   .   c - +0 robe
rPois   .          Reflect  .   (no helmet)
rElec   .          Harm     .   (no cloak)
rCorr   .          Rampage  .   (no gloves)
Will    .....                   (no boots)
Stlth   ++........              (no amulet)
HPRegen 0.06/turn               (no ring)
MPRegen 0.12/turn               (no ring)

@: drained, very slow
A: no striking features
a: no special abilities


You were on level 2 of the Dungeon.
You visited 1 branch of the dungeon, and saw 2 of its levels.

You collected 40 gold pieces.

Inventory:

Armour
 c - a +0 robe (worn)
Scrolls
 i - a scroll of amnesia {unknown}
Potions
 b - a potion of magic
 d - a potion of brilliance {unknown}
 e - a potion of heal wounds {unknown}
 f - a potion of flight {unknown}
 g - a potion of curing {unknown}
 h - a potion of haste {unknown}


   Skills:
 - Level 2.4 Dodging
 - Level 2.4 Stealth
 * Level 4.1 Spellcasting
 + Level 1.8 Transmutations
 + Level 3.6 Earth Magic


You had 4 spell levels left.
You knew the following spells:

 Your Spells              Type           Power      Damage    Failure   Level
a - Sandblast             Erth           38%        2d10      2%          1
b - Passwall              Tmut/Erth      13%        N/A       6%          2
c - Stone Arrow           Conj/Erth      24%        3d8       17%         3

Your spell library contained the following spells:

 Spells                   Type           Power      Damage    Failure   Level
 Petrify                  Tmut/Erth      16%        N/A       36%         4


Dungeon Overview and Level Annotations

Branches:
Dungeon (2/15)

Altars:
Cheibriados

Annotations:
D:2 Crazy Yiuf


Message History

Found a club.
You see here a +0 club.
A bat comes into view.
The blast of sand hits the bat!
You kill the bat!
Found a stone staircase leading down.
A hobgoblin comes into view.
The hobgoblin shouts!
The hobgoblin hits you.
The blast of sand misses the hobgoblin.
The hobgoblin hits you.
The blast of sand hits the hobgoblin!
You kill the hobgoblin!
You see here a hobgoblin corpse.
Found a hammer.
Found a runed translucent door.
You open the door.
The blast of sand misses Crazy Yiuf.
Crazy Yiuf hits you with a +4 quarterstaff of chaos!
* * * LOW HITPOINT WARNING * * *
You feel drained.
* * * LOW HITPOINT WARNING * * *
You are too injured to fight recklessly!
Casting: Sandblast (safe; 2% risk of failure)
Confirm with . or Enter, or press ? or * to list all spells.
Aiming: Sandblast (safe; 2% risk of failure)
Press: ? - help, Shift-Dir - straight line, f/p - Crazy Yiuf
Aim: Crazy Yiuf, wielding a +4 quarterstaff of chaos and wearing a +1 cloak of preservation (84% to hit)
The blast of sand hits Crazy Yiuf but does no damage.
Crazy Yiuf closely misses you.
Casting: Sandblast (safe; 2% risk of failure)
Confirm with . or Enter, or press ? or * to list all spells.
Aiming: Sandblast (safe; 2% risk of failure)
Press: ? - help, Shift-Dir - straight line, f/p - Crazy Yiuf
Aim: Crazy Yiuf, wielding a +4 quarterstaff of chaos and wearing a +1 cloak of preservation (84% to hit)
The blast of sand hits Crazy Yiuf!
Crazy Yiuf is heavily wounded.
Crazy Yiuf closely misses you.
Crazy Yiuf yells, "Adder poople sow!"
Crazy Yiuf hits you with a +4 quarterstaff of chaos!!
Ouch! That really hurt!
You die...

#....###
#.# #....#
####.#
#....#
#)...#
#...##
#..###
##.## ##.#
#.## #.#
##.# #.#
#.## #.#
##@# #.#
#g# #.#
... #.# #
#...# #.#
# #..)#
#.# #
##### #.#
# #.# #
###
#.########
#.#
#.........


You could see Crazy Yiuf.

Vanquished Creatures
  A worm (D:2)
  A dart slug (D:1)
  4 endoplasms (D:1)
  5 hobgoblins
  A quokka (D:1)
  6 ball pythons (D:1)
  4 bats
  A frilled lizard (D:1)
  A kobold (D:1)
  A rat (D:1)
25 creatures vanquished.

Notes
Turn   | Place    | Note
-------+----------+-------------------------------------------
     0 | D:1      | Heoruswealwe the Deep Elf Earth Elementalist began the
                  | quest for the Orb.
     0 | D:1      | Reached XP level 1. HP: 10/10 MP: 6/6
   162 | D:1      | Found a faded altar of an unknown god.
   166 | D:1      | Reached XP level 2. HP: 15/15 MP: 4/8
   171 | D:1      | Prayed at the altar of an unknown god.
   171 | D:1      | Became a worshipper of Cheibriados the Contemplative
   171 | D:1      | Reached * piety under Cheibriados
   172 | D:1      | Fell from the grace of Cheibriados
   216 | D:1      | Learned a level 2 spell: Passwall
   458 | D:1      | Reached skill level 4 in Spellcasting
   570 | D:2      | Reached XP level 3. HP: 19/19 MP: 6/10
   632 | D:2      | Learned a level 3 spell: Stone Arrow
   692 | D:2      | Found a runed translucent door.
   693 | D:2      | Noticed Crazy Yiuf
   699 | D:2      | Demolished by Crazy Yiuf

Illustrated notes

Levels and vault maps discovered:
D:1:      giann_wishing_wells, layout_rooms, ebering_ecumenical_altar_webs,
          minivault_27, minmay_pentomino_o4
D:2:      layout_loops_ring, minmay_stone_trees_medium, uniq_jessica,
          uniq_robin, uniq_crazy_yiuf_cottage

Skill      XL: |  1  2 |
---------------+-------+-----
Spellcasting   | 4 |  4.1
Dodging        | |  2.4
Stealth        | |  2.4
Transmutations | |  1.8
Earth Magic    | |  3.6

Action                   || total
-------------------------++-------
 Cast: Sandblast         ||    35
       Passwall          ||     1
Invok: Renounce Religion ||     1
Armor: Robe              ||     1
Dodge: Dodged            ||     4
